 Dungeon Crawl Stone Soup version 0.21-a0-471-gd587bd5 (webtiles) character file.

1222 sagitran the Ogre Mage (level 8, 58/80 HPs)
             Began as an Ogre Wizard on Nov 21, 2017.
             Was a Believer of Okawaru.
             Starved to death
             ... in a sewer.
             The game lasted 00:40:04 (8122 turns).

sagitran the Ogre Mage (Ogre Wizard)                Turns: 8122, Time: 00:40:04

Health: 58/80      AC:  4    Str: 15    XL:     8   Next: 47%
Magic:  16/16      EV: 10    Int: 22    God:    Okawaru [**....]
Gold:   233        SH:  0    Dex:  7    Spells: 5/18 levels left

rFire    . . .     SeeInvis .   i - +0 giant spiked club
rCold    . . .     Gourm    .   (shield currently unavailable)
rNeg     . . .     Faith    .   a - +0 robe
rPois    .         Spirit   .   b - +1 hat
rElec    .         Reflect  .   (no cloak)
rCorr    .         Harm     .   (gloves unavailable)
MR       .....                  (boots unavailable)
Stlth    ++........             (no amulet)
HPRegen  0.23/turn              (no ring)
MPRegen  0.15/turn              (no ring)

@: fainting, very slow
A: unfitting armour, hooves 1, clever 1, strong 1, tough skin 1
a: Heroism, Renounce Religion


You were in a sewer.
You worshipped Okawaru.
Okawaru was pleased with you.
You were fainting.

You visited 1 branch of the dungeon, and saw 5 of its levels.
You also visited: Sewer.

You collected 233 gold pieces.

Inventory:

Hand Weapons
 i - a +0 giant spiked club (weapon)
 k - a +0 hand axe
Missiles
 j - 124 stones
 o - a large rock (quivered)
Armour
 a - a +0 robe (worn)
 b - a +1 hat (worn)
Wands
 d - a wand of flame (30)
Scrolls
 n - 2 scrolls of amnesia
 q - 2 scrolls of teleportation
 r - 2 scrolls of remove curse
Potions
 g - a potion of berserk rage
 h - 4 potions of agility
 l - 4 potions of curing
 m - a potion of brilliance
 p - 7 potions of flight
 s - a potion of heal wounds
Books
 c - a book of Minor Magic

   Spells                             Type                      Level
   a - Magic Dart                     Conjuration                  1
   b - Blink                          Translocation                2
   c - Call Imp                       Summoning                    2
   d - Slow                           Hexes                        2
   e - Conjure Flame                  Conjuration/Fire             3
   f - Mephitic Cloud                 Conjuration/Poison/Air       3


   Skills:
 + Level 5.1 Fighting
   Level 0.7 Short Blades
 - Level 1.4(2.4) Axes
 + Level 2.7(2.9) Maces & Flails
 + Level 3.1 Throwing
 + Level 4.0 Dodging
 + Level 2.4 Stealth
 + Level 5.5 Spellcasting
 + Level 2.2 Conjurations
 + Level 2.1 Summonings
 + Level 0.9 Translocations
 + Level 0.6 Fire Magic
 + Level 0.3 Air Magic
 + Level 0.2 Poison Magic
 + Level 0.2 Evocations


You had 5 spell levels left.
You knew the following spells:

 Your Spells              Type           Power        Failure   Level  Hunger
a - Magic Dart            Conj           ###.         3%          1    None
b - Blink                 Tloc           N/A          10%         2    None
c - Slow                  Hex            #.......     14%         2    None
d - Call Imp              Summ           ###.....     6%          2    None
e - Conjure Flame         Conj/Fire      ##......     16%         3    ##.....
f - Mephitic Cloud        Conj/Pois/Air  ##......     19%         3    ##.....


Dungeon Overview and Level Annotations

Branches:
Dungeon (5/15)
 Temple: D:4-7

Altars:
Kikubaaqudgha
Okawaru


Innate Abilities, Weirdness & Mutations

You are too large for most types of armour.
You have tough skin. (AC +1)
You have large cloven feet.
Your mind is acute. (Int +2)
Your muscles are strong. (Str +2)


Message History

You kill the kobold!
Okawaru accepts your kill.
o - a large rock
There is an open door here.
Things that are here:
a hand crossbow; an uncursed whip; 15 bolts
p - 6 potions of flight (gained 1)
p - 7 potions of flight (gained 1)
There is an open door here.
Things that are here:
a hand crossbow; an uncursed whip; 15 bolts You see here 7 bolts.
You see here a kobold corpse.
You lose consciousness!
You can move again.
You see here a bolt.
You enter the shallow water.
Moving in this stuff is going to be slow.
You have starved to death.
You die...

#####.......##...............#..#
..##.........................#...
.......................(....()...
......................≈.≈≈≈.†#...
.≈≈..............≈.≈≈≈≈≈≈≈≈≈≈#..#
≈≈≈≈≈≈≈≈......≈.≈≈≈≈≈≈≈≈≈≈≈≈≈####
≈≈≈≈≈≈≈≈≈≈≈≈..≈≈≈≈≈≈≈≈≈≈≈≈≈≈≈#≈#≈
≈≈≈≈≈≈≈≈≈≈≈≈≈≈≈≈≈≈≈≈≈≈≈≈≈≈≈≈≈≈#≈#
≈≈≈≈≈≈≈≈≈≈≈≈≈≈≈≈@≈≈≈≈≈≈≈≈≈≈≈≈#≈#≈
≈≈≈≈≈≈≈≈≈≈......≈≈≈≈≈≈≈≈≈≈≈≈≈≈#≈#
#≈.≈≈...........≈≈≈≈≈≈≈≈≈≈≈≈≈#≈#
...............##.....≈##≈≈≈≈≈#
....##........####......##..≈####
....###.......##.........)..≈#..#
...###..................)...)#...
#........####.....###......).)...
##.....### ##..### ##.......#...


There were no monsters in sight!

Vanquished Creatures
  The ghost of kae the Cudgeler, a novice GrFi (D:4)
  An ogre (D:4)
  A phantom (D:4)
  The ghost of p0werm0de the Covert, an amateur NaAs (D:3)
  A big kobold (Sewer)
  A scorpion (D:4)
  2 orc wizards (D:4)
  A gnoll shaman (D:4)
  3 worker ants (D:4)
  A hound skeleton (D:4)
  7 gnolls
  3 river rats (Sewer)
  5 adders
  A shadow imp (D:5)
  2 oozes
  An adder skeleton (D:4)
  A dart slug (D:1)
  3 leopard geckos (D:5)
  2 orcs
  6 ball pythons
  6 giant cockroaches
  9 goblins
  4 hobgoblins
  2 jackals (D:2)
  A quokka (D:2)
  11 bats
  4 frilled lizards
  A jackal skeleton (D:4)
  23 kobolds
  24 rats
129 creatures vanquished.

Vanquished Creatures (collateral kills)
  Grinder (D:3)
  An adder (D:2)
  A goblin (D:1)
  A hobgoblin (D:1)
  2 jackals (D:2)
  A ball python (D:2)
  A bat (D:2)
8 creatures vanquished.

Grand Total: 137 creatures vanquished

Notes
Turn   | Place    | Note
-------+----------+-------------------------------------------
     0 | D:1      | sagitran the Ogre Wizard began the quest for the Orb.
     0 | D:1      | Reached XP level 1. HP: 16/16 MP: 5/5
   635 | D:1      | Reached XP level 2. HP: 24/24 MP: 4/7
   639 | D:1      | Learned a level 2 spell: Blink
   642 | D:1      | Learned a level 2 spell: Slow
   645 | D:1      | Learned a level 2 spell: Call Imp
   933 | D:1      | Reached skill level 1 in Conjurations
  1394 | D:1      | Reached XP level 3. HP: 14/31 MP: 0/8
  2014 | D:2      | Reached skill level 1 in Fighting
  2023 | D:2      | Found an iron altar of Okawaru.
  2193 | D:2      | Became a worshipper of Warmaster Okawaru
  2317 | D:2      | Learned a level 3 spell: Conjure Flame
  2563 | D:2      | Reached skill level 1 in Summonings
  2830 | D:2      | Reached XP level 4. HP: 41/41 MP: 10/10
  3165 | D:3      | Noticed Grinder
  3171 | D:3      | Paralysed by Grinder for 2 turns
  3183 | D:3      | Killed Grinder
  3183 | D:3      | Reached * piety under Okawaru
  3183 | D:3      | Reached skill level 1 in Throwing
  3183 | D:3      | Reached skill level 5 in Spellcasting
  3183 | D:3      | Reached XP level 5. HP: 9/49 MP: 1/12
  3183 | D:3      | Reached XP level 6. HP: 10/57 MP: 1/13
  3487 | D:3      | Learned a level 3 spell: Mephitic Cloud
  3626 | D:3      | Found an ancient bone altar of Kikubaaqudgha.
  3626 | D:3      | Noticed p0werm0de's ghost (amateur NaAs)
  3665 | D:3      | Gained mutation: You have large cloven feet. [potion of mutation]
  3665 | D:3      | Gained mutation: Your muscles are strong. (Str +2) [potion of mutation]
  3665 | D:3      | Gained mutation: Your mind is acute. (Int +2) [potion of mutation]
  3686 | D:3      | Killed p0werm0de's ghost
  4228 | D:4      | Reached ** piety under Okawaru
  4228 | D:4      | Reached skill level 1 in Axes
  4228 | D:4      | Reached XP level 7. HP: 43/66 MP: 10/15
  4489 | D:4      | Noticed kae's ghost (novice GrFi)
  6087 | D:4      | Reached skill level 1 in Maces & Flails
  6379 | D:4      | Killed kae's ghost
  6379 | D:4      | Reached XP level 8. HP: 40/79 MP: 16/16
  6562 | D:5      | Entered Level 5 of the Dungeon
  6612 | D:5      | Found a glowing drain.
  6683 | Sewer    | Entered a sewer
  6875 | Sewer    | Reached skill level 5 in Fighting
  8054 | Sewer    | Paralysed by fainting for 12 turns
  8106 | Sewer    | Paralysed by fainting for 5 turns
  8122 | Sewer    | Starved to death

Vault maps used:
D:1:      lightli_arrival_lavapool, minmay_misc_feat_nine_boxes
D:2:      okawaru_metal_pillars_1_2
D:3:      kiku_gazebo_pond_becter, first_bread, uniq_grinder
D:5:      minmay_temple_entry_statues_fountains, gup_sewer_entry_pipe,
          serial_bayou_pond_c, hangedman_decor_points
Sewer:    sewer_minmay_treatment

Skill      XL: |  1  2  3  4  5  6  7  8 |
---------------+-------------------------+-----
Spellcasting   | 4 5 |  5.5
Conjurations   | 1 2 |  2.2
Fighting       | 1 2 4 5 |  5.1
Dodging        | 2 3 4 |  4.0
Summonings     | 1 2 |  2.1
Throwing       | 1 2 3 |  3.1
Stealth        | 2 |  2.4
Axes           | 1 |  1.4
Maces & Flails | 2 |  2.7
Short Blades   | |  0.7
Translocations | |  0.9
Fire Magic     | |  0.6
Air Magic      | |  0.3
Poison Magic   | |  0.2
Evocations     | |  0.2

Action                   |  1- 3 |  4- 6 |  7- 9 || total
-------------------------+-------+-------+-------++-------
Melee: Unarmed           |     9 |       |       ||     9
       Dagger            |    80 |       |       ||    80
       Hand axe          |       |    44 |    32 ||    76
       Kick              |       |     3 |    49 ||    52
       Giant spiked club |       |       |   303 ||   303
Throw: Stone             |    12 |     6 |     6 ||    24
       Large rock        |    12 |    12 |    16 ||    40
       Tomahawk          |     3 |       |       ||     3
 Cast: Magic Dart        |    45 |    12 |     3 ||    60
       Call Imp          |    10 |     3 |       ||    13
       Slow              |     3 |       |       ||     3
       Conjure Flame     |     2 |     2 |     3 ||     7
       Mephitic Cloud    |       |     4 |     4 ||     8
       Blink             |       |       |     1 ||     1
Evoke: Wand              |       |       |     2 ||     2
  Use: Scroll            |     5 |     3 |     4 ||    12
       Potion            |       |     3 |     8 ||    11
 Stab: Sleeping          |       |       |     2 ||     2
  Eat: Bread ration      |     1 |       |     1 ||     2
       Chunk             |     2 |       |     6 ||     8
       Meat ration       |       |     1 |       ||     1
Armor: Robe              |    63 |    17 |   233 ||   313
Dodge: Dodged            |    93 |    38 |   397 ||   528

Table legend:
 A = Spawn XP
 B = Non-spawn XP
 C = Spawn XP percentage of total XP
 D = Spawn monster count
 E = Non-spawn monster count
 F = Spawn count percentage of total count
 G = Total turns spent on level
                    A         B        C        D         E        F      G
               +---------+---------+-------+---------+---------+-------+---------
         Total |       0 |    1746 |   0.0 |       0 |     137 |   0.0 |  8122
               +---------+---------+-------+---------+---------+-------+---------
           D:1 |       0 |      36 |   0.0 |       0 |      20 |   0.0 |  1827
           D:2 |       0 |      50 |   0.0 |       0 |      21 |   0.0 |  1255
           D:3 |       0 |     404 |   0.0 |       0 |      16 |   0.0 |  1496
           D:4 |       0 |    1022 |   0.0 |       0 |      25 |   0.0 |  1984
           D:5 |       0 |      26 |   0.0 |       0 |       7 |   0.0 |   121
         Sewer |       0 |     208 |   0.0 |       0 |      48 |   0.0 |  1439
               +---------+---------+-------+---------+---------+-------+---------
